AoeStats
← aextropical#0420

Scandinavia

510522951Analyzed
1v1 RM · 9h ago on Oct 1, 2026· 51m 45s· 2 players
Game mode
Random Map
Map size
Tiny (2 player)
Population
200
Speed
Normal
Resources
Standard
Victory
Conquest
Starting age
Dark Age
Ending age
Imperial Age
RankedLock teamsTeams togetherTeam positionsShared explorationLock speedFull tech treeHidden civsTurbo modeCheats
Victory
Defeat
🇹🇼 Varangians · Taiwan
1022
+14
🇺🇸 Franks · United States
989
-14
aextropical#0420
7:38 Loom
10:34 Feudal Age
11:02 Double-Bit Axe
16:30 Fishing Lines
19:36 Castle Age
19:52 Forging
20:49 Husbandry
21:32 Scale Barding Armor
27:31 Iron Casting
29:37 Chain Barding Armor
35:04 Wheelbarrow
40:40 Imperial Age
38:26 Fletching
39:34 Squires
40:25 Scale Mail Armor
41:06 Cavalier
42:05 Stone Mining
43:56 Murder Holes
45:05 Conscription
47:07 Blast Furnace
51:19 Hand Cart
asd5asdroylin
7:02 Loom
9:35 Feudal Age
10:37 Double-Bit Axe
12:17 Wheelbarrow
15:50 Bloodlines
17:52 Castle Age
16:57 Horse Collar
17:05 Fishing Lines
22:27 Gold Mining
22:55 Bow Saw
30:03 Hand Cart
29:53 Heavy Plow
30:38 Gillnets
34:14 Pikeman
35:16 Scale Barding Armor
35:12 Scale Mail Armor
35:25 Forging
35:46 Stone Mining
41:18 Imperial Age
39:51 Chain Mail Armor
40:13 Iron Casting
39:29 Fletching
41:24 Elite Varangian Guard
41:35 Halberdier
44:18 Plate Mail Armor
44:49 Blast Furnace
44:44 Conscription
49:25 Bodkin Arrow
49:54 Ballistics
49:46 Masonry
49:17 Treadmill Crane
50:38 Chemistry
49:45 Siege Engineers
Connection lost

Rejoining the realm…

Still unreachable

The connection could not be restored.

Session expired

The server has moved on; the page needs a fresh start.